 Dungeon Crawl Stone Soup version 0.21.1-1-g345015f (webtiles) character file.

27 Mgcat the Skirmisher (level 3, 0/43 HPs)
             Began as a Human Berserker on Feb 28, 2018.
             Was a Follower of Trog.
             Succumbed to an adder's poison
             ... on level 1 of the Dungeon.
             The game lasted 00:02:05 (1166 turns).

Mgcat the Skirmisher (Human Berserker)              Turns: 1166, Time: 00:02:06

Health: 0/43       AC:  2    Str: 23    XL:     3   Next: 25%
Magic:  3/3        EV: 12    Int:  7    God:    Trog [*.....]
Gold:   93         SH:  0    Dex: 12    Spells: 2/2 levels left

rFire    . . .     SeeInvis .   i - +1 dagger (venom)
rCold    . . .     Gourm    .   (no shield)
rNeg     . . .     Faith    .   b - +0 animal skin
rPois    .         Spirit   .   (no helmet)
rElec    .         Reflect  .   (no cloak)
rCorr    .         Harm     .   (no gloves)
MR       .....                  (no boots)
Stlth    ..........             (no amulet)
HPRegen  0.14/turn              (no ring)
MPRegen  0.08/turn              (no ring)

@: berserking (expiring), lethally poisoned (0 -> -4), hasted, very quick
A: no striking features
a: Berserk, Burn Spellbooks, Renounce Religion


You were on level 1 of the Dungeon.
You worshipped Trog.
Trog was aware of your devotion.
You were hungry.

You visited 1 branch of the dungeon, and saw 2 of its levels.

You collected 93 gold pieces.

Inventory:

Hand Weapons
 a - a +0 hand axe
 i - a +1 dagger of venom (weapon)
   (You took it off a kobold on level 1 of the Dungeon)
Armour
 b - a +0 animal skin (worn)
Scrolls
 d - a scroll of identify {unknown}
 j - a scroll of magic mapping {unknown}
Potions
 e - 2 potions of haste
 g - a potion of might {unknown}
 h - a potion of lignification {unknown}
Comestibles
 c - 4 rations


   Skills:
 + Level 3.6 Fighting
 + Level 3.6 Axes
 - Level 2.0 Armour
 - Level 2.0 Dodging


You had 2 spell levels left.
You didn't know any spells.

Dungeon Overview and Level Annotations

Branches:
Dungeon (2/15)

Altars:


Message History

You hit the hobgoblin.
You kill the hobgoblin!
Trog accepts your kill.
You see here a whip.
You see here a whip.
There is an open door here.
There is an open door here.
You see here a leather armour.
You now have 93 gold pieces (gained 16).
A frilled lizard comes into view.
The frilled lizard hisses angrily.
You closely miss the frilled lizard. The frilled lizard closely misses you.
You barely miss the frilled lizard.
The frilled lizard bites you but does no damage.
You hit the frilled lizard.
You kill the frilled lizard!
Trog accepts your kill.
No target in view!
No target in view!
Eating one of 2 chunks of flesh {@w0}.
You eat one of the 2 chunks of flesh {@w0}.
This raw flesh tastes terrible.
There is a stone staircase leading down here.
c - 4 rations (gained 1) Done exploring.
Done exploring.
Done exploring.
Done exploring.
Done exploring.
No target in view!
(D) Dungeon
Where to? (? - help)
What level of the Dungeon? (default 1, ? - help)
There is a stone staircase leading down here.
You climb downwards.
Found 9 gold pieces.
Found a stone staircase leading up.
There is a stone staircase leading up here.
Unknown command.
Unknown command.
An adder and a worm come into view.
The worm barely misses you.
The adder hisses angrily.
The adder bites you. The worm barely misses you.
The adder barely misses you. x2
A frilled lizard comes into view.
The frilled lizard hisses angrily.
There is a stone staircase leading up here.
The frilled lizard moves out of view.
The adder completely misses you. The worm bites you.
You climb upwards.
There is a stone staircase leading down here.
The adder barely misses you. The adder bites you.
You are poisoned.
The adder poisons you!
You feel sick.
It was a potion of haste.
You feel yourself speed up.
You feel sick. The adder bites you.
* * * LOW HITPOINT WARNING * * *
You are lethally poisoned!
The adder poisons you! The adder bites you but does no damage.
You miss the adder. You closely miss the adder.
* * * LOW HITPOINT WARNING * * *
You feel sick. The adder bites you.
* * * LOW HITPOINT WARNING * * *
A red film seems to cover your vision as you go berserk!
You feel yourself moving faster!
You feel mighty!
You are feeling hungry.
The adder bites you.
* * * LOW HITPOINT WARNING * * *
You closely miss the adder. The adder closely misses you.
You closely miss the adder.
* * * LOW HITPOINT WARNING * * *
You feel sick. The adder barely misses you.
You hit the adder.
The adder is poisoned.
The adder is heavily wounded.
The adder bites you.
* * * LOW HITPOINT WARNING * * *
You closely miss the adder.
The adder is heavily wounded.
* * * LOW HITPOINT WARNING * * *
You feel sick.
All of the chunks of flesh in your inventory have rotted away.
You barely miss the adder.
The adder is heavily wounded.
The adder closely misses you.
You barely miss the adder.
The adder is severely wounded.
The adder bites you.
* * * LOW HITPOINT WARNING * * *
You hit the adder.
You kill the adder!
Trog accepts your kill.
You have reached level 3!
Your experience leads to an increase in your attributes!
Your base attributes are Str 17, Int 7, Dex 12.
Increase (S)trength, (I)ntelligence, or (D)exterity?
You feel stronger.
You die...

.[...#####.#...#.## #..#
##.......#.#.#....# ##.#####
.....###.#.#...#.## #...##.#
.................# ##.###.#
.....###.#.#....># ### #.#
#..........##....# #.# ##
.........#####.#w# #.# #.
#...###### #.#†# #.# #. ###.#
#.#@# #.## #. #.# ##'#.#
####..####. #.# ##....#
#.......##. #.## ##.....##
#.###.#.##. #..## ##.......##
#..##.#.##.
##...####.........####)..#(#.##.
#.......'.........'.....########
##...####.........####..#.......
#..## ##.......## #..#.##..##


You could see a worm.

Vanquished Creatures
  An adder (D:1)
  A dart slug (D:1)
  A leopard gecko (D:1)
  3 bats (D:1)
  A giant cockroach (D:1)
  A goblin (D:1)
  A hobgoblin (D:1)
  3 frilled lizards (D:1)
  3 kobolds (D:1)
  2 rats (D:1)
17 creatures vanquished.

Notes
Turn   | Place    | Note
-------+----------+-------------------------------------------
     0 | D:1      | Mgcat the Human Berserker began the quest for the Orb.
     0 | D:1      | Reached XP level 1. HP: 18/18 MP: 1/1
   312 | D:1      | Reached XP level 2. HP: 21/24 MP: 2/2
  1158 | D:1      | HP: 6/24 [adder (1)]
  1163 | D:1      | HP: 3/36 [poisoned by an adder]
  1165 | D:1      | HP: 1/36 [adder (2)]
  1166 | D:1      | Reached XP level 3. HP: 1/29 MP: 3/3
  1166 | D:1      | Succumbed to an adder's poison

Action                   || total
-------------------------++-------
Melee: Hand axe          ||    42
       Dagger            ||    15
Invok: Berserk           ||     1
  Use: Potion            ||     1
 Stab: Sleeping          ||     1
  Eat: Chunk             ||     1
Armor: Animal skin       ||     7
Dodge: Dodged            ||    38

Vault maps used:
D:1:      dpeg_arrival_line_fractal, nrook_loot_triangle
D:2:      uniq_sigmund

Table legend:
 A = Turns spent in this place as a percentage of turns spent in the entire game.
 B = Non-inter-level travel turns spent in this place as a percentage of non-inter-level travel turns spent in the entire game.
 C = Inter-level travel turns spent in this place as a percentage of turns spent in this place.
 D = Turns resting spent in this place as a percentage of non-inter-level travel turns spent in this place.
 E = Turns spent auto-exploring this place as a percentage of non-inter-level travel turns spent in this place.
 F = Non-inter-level travel turns spent in this place divided by the number of levels of this place that you've seen.
                   A       B       C       D       E      F
               +-------+-------+-------+-------+-------+----------------------
         Total | 100.0 | 100.0 |   0.9 |   0.0 |  86.4 | 578.0
       Dungeon | 100.0 | 100.0 |   0.9 |   0.0 |  86.4 | 578.0
               +-------+-------+-------+-------+-------+----------------------

Table legend:
 A = Kills in this place as a percentage of kills in entire the game.
 B = Kills by you in this place as a percentage of kills by you in the entire game.
 C = Kills by friends in this place as a percentage of kills by friends in the entire game.
 D = Other kills in this place as a percentage of other kills in the entire game.
 E = Experience gained in this place as a percentage of experience gained in the entire game.
 F = Experience gained in this place divided by the number of levels of this place that you have seen.
                   A       B       C       D       E      F
               +-------+-------+-------+-------+-------+----------------------
         Total | 100.0 | 100.0 |   N/A |   N/A | 100.0 |  19.5
       Dungeon | 100.0 | 100.0 |   N/A |   N/A | 100.0 |  19.5
               +-------+-------+-------+-------+-------+----------------------
